 Dungeon Crawl Stone Soup version 0.24.0-125-gc4c63601f3 (webtiles) character file.

Game seed: 18257306453881957223, levelgen mode: deterministic

1709 H0rd4k the Cutter (level 9, -4/64 HPs)
             Began as a Human Artificer on Mar 13, 2020.
             Slain by a centaur
             ... wielding a +0 spear of piercing
              (5 damage)
             ... on level 8 of the Dungeon.
             The game lasted 00:11:31 (6294 turns).

H0rd4k the Cutter (Human Artificer)                 Turns: 6294, Time: 00:11:31

Health: -4/64      AC:  6    Str: 14      XL:     9   Next: 23%
Magic:  12/12      EV: 15    Int: 10 (11) God:
Gold:   437        SH:  0    Dex: 20 (21) Spells: 8/8 levels left

rFire    . . .     SeeInvis .   o - +2 dagger (venom)
rCold    + . .     Gourm    .   (no shield)
rNeg     . . .     Faith    .   b - +0 leather armour
rPois    .         Spirit   .   (no helmet)
rElec    .         Reflect  .   n - +2 cloak
rCorr    .         Harm     .   (no gloves)
MR       .....                  (no boots)
Stlth    +++.......             (no amulet)
HPRegen  0.20/turn              D - ring of protection from cold
MPRegen  0.13/turn              F - +5 ring of dexterity

@: no status effects
A: no striking features
a: no special abilities


You were on level 8 of the Dungeon.
You were very hungry.

You visited 1 branch of the dungeon, and saw 8 of its levels.

You collected 437 gold pieces.

Inventory:

Hand Weapons
 o - a +2 dagger of venom (weapon)
 w - a -2 falchion
 E - the +0 hunting sling of a sewer {velocity, Str+8 Dex+2}
   (You found it on level 5 of the Dungeon)

   Any stone fired from it inflicts extra damage.
   It affects your strength (+8).
   It affects your dexterity (+2).
 H - a +3 hunting sling of flaming
Missiles
 r - 38 poisoned darts (quivered)
Armour
 b - a +0 leather armour (worn)
 n - a +2 cloak (worn)
Magical Staves
 y - an uncursed staff of death
Jewellery
 a - a +5 ring of dexterity
 t - an uncursed ring of protection from fire
 D - a ring of protection from cold (left hand)
 F - a +5 ring of dexterity (right hand)
Wands
 c - a wand of flame (27)
 d - a wand of enslavement (9)
 e - a wand of random effects (34)
Scrolls
 k - 6 scrolls of identify {unknown}
 m - a scroll of enchant armour {unknown}
 p - 2 scrolls of remove curse
 q - a scroll of amnesia {unknown}
 s - a scroll of fog {unknown}
 u - 3 scrolls of fear {unknown}
 v - a scroll of blinking {unknown}
 B - a scroll of magic mapping {unknown}
 C - a scroll of enchant weapon {unknown}
 I - a scroll of random uselessness {unknown}
Potions
 g - 3 potions of resistance
 h - 2 potions of degeneration
 i - a potion of experience {unknown}
 j - a potion of cancellation {unknown}
 l - a potion of heal wounds
 x - a potion of lignification
 z - a potion of magic {unknown}
 A - a potion of curing
 G - a potion of ambrosia {unknown}
 K - a potion of mutation {unknown}
Comestibles
 f - 9 rations


   Skills:
 + Level 3.4 Fighting
 + Level 5.6 Short Blades
 + Level 2.1 Throwing
 + Level 4.6 Armour
 + Level 4.9 Dodging
 + Level 4.9 Stealth
 + Level 4.1 Evocations


You had 8 spell levels left.
You didn't know any spells.
Your spell library was empty.

Dungeon Overview and Level Annotations

Branches:
Dungeon (8/15)             Temple (0/1) D:4
   Lair: D:8-11

Altars:
Cheibriados
Dithmenos
Kikubaaqudgha
Ru
Wu Jian

Annotations:
D:6 Sigmund
D:7 exclusions: downstairs and upstairs


Message History

Press: ? - help, Shift-Dir - straight line, f - wyvern zombie, p - ice beast
Aim: a wyvern zombie (chance to defeat MR: 70%)
The wyvern zombie is charmed.
The centaur shouts!
You kill the centaur!
Your wyvern zombie bites the ice beast!
The centaur barely misses you. The ice beast hits you.
* * * LOW HITPOINT WARNING * * *
The ice beast freezes you. You resist.
* * * LOW HITPOINT WARNING * * *
Unknown command.
Evoke which item? (* to show all) (? for menu, Esc to quit)
Aiming: Enslavement
Press: ? - help, Shift-Dir - straight line, f - ice beast, p - wyvern zombie
Aim: an ice beast (heavily wounded, chance to defeat MR: 58%)
The ice beast is charmed.
The centaur hits you from afar with a +0 spear of piercing.
* * * LOW HITPOINT WARNING * * *
x2 The centaur hits you from afar with a +0 spear of piercing.
You die...

....._........#####
###....######.#####..
#...## #.......#
###.# #........ #.#
#.####### #.#######.#
#.#....(..#
#.###..#..#### #.# #.
#...(@###### #.# #
#....ZY)...# #.#
#..####c....# #> #.#
#.## [###...# .. #.#
#.# ## .... .# #.#
#.# <#. .# #.# #. #
.####.# ......#


You could see a centaur, a friendly ice beast and a friendly wyvern zombie.

Vanquished Creatures
  A hornet (D:8)
  A sky beast (D:7)
  An ogre (D:7)
  4 centaurs
  A big kobold (D:4)
  2 bullfrogs (D:7)
  A scorpion (D:4)
  4 killer bees (D:7)
  A wight (D:7)
  A howler monkey (D:5)
  3 hounds
  An orc priest (D:5)
  2 jellies (D:7)
  Jessica (D:2)
  Ijyb (D:5)
  2 worker ants
  A killer bee zombie (D:7)
  A worker ant zombie (D:8)
  7 adders
  2 shadow imps (D:5)
  An ooze (D:1)
  A dart slug (D:3)
  5 leopard geckos
  15 orcs
  6 giant cockroaches
  8 hobgoblins
  4 quokkas
  A ball python (D:3)
  A ball python skeleton (D:4)
  4 bats
  5 frilled lizards
  3 goblins
  A jackal skeleton (D:7)
  12 kobolds
  2 quokka skeletons
  2 quokka zombies
  8 rats
  A plant (D:4)
118 creatures vanquished.

Vanquished Creatures (collateral kills)
  3 wights (D:7)
  An iguana (D:8)
  An adder (D:8)
5 creatures vanquished.

Grand Total: 123 creatures vanquished

Notes
Turn   | Place    | Note
-------+----------+-------------------------------------------
     0 | D:1      | H0rd4k the Human Artificer began the quest for the Orb.
     0 | D:1      | Reached XP level 1. HP: 15/15 MP: 3/3
   189 | D:1      | Reached XP level 2. HP: 21/21 MP: 4/4
   493 | D:1      | Reached XP level 3. HP: 23/26 MP: 5/5
   708 | D:2      | Noticed Jessica
   989 | D:2      | Killed Jessica
   989 | D:2      | Reached skill level 1 in Armour
   989 | D:2      | Reached XP level 4. HP: 29/32 MP: 6/6
  1136 | D:2      | Found a shadowy altar of Dithmenos.
  1360 | D:3      | Reached XP level 5. HP: 37/37 MP: 7/7
  1999 | D:4      | Found a staircase to the Ecumenical Temple.
  2032 | D:4      | Reached skill level 2 in Short Blades
  2055 | D:4      | Found an ancient bone altar of Kikubaaqudgha.
  2246 | D:4      | Reached XP level 6. HP: 42/43 MP: 8/8
  2654 | D:3      | You fall into a shaft and drop 2 floors!
  2654 | D:5      | Entered Level 5 of the Dungeon
  2717 | D:5      | Reached skill level 3 in Short Blades
  2970 | D:5      | Found a sacrificial altar of Ru.
  2998 | D:5      | Got a transparent hunting sling
  2999 | D:5      | Identified the cursed +0 hunting sling of a sewer
                  | {velocity, Str+8 Dex+2} (You found it on level 5 of the
                  | Dungeon)
  3072 | D:5      | Reached XP level 7. HP: 45/49 MP: 9/9
  3215 | D:5      | Noticed Ijyb
  3227 | D:5      | Killed Ijyb
  3467 | D:5      | Reached skill level 1 in Throwing
  3801 | D:6      | Noticed Sigmund
  4197 | D:7      | Reached skill level 4 in Short Blades
  4330 | D:7      | Reached XP level 8. HP: 56/57 MP: 10/10
  5016 | D:7      | Found an ornate altar of the Wu Jian Council.
  5073 | D:7      | Reached skill level 5 in Short Blades
  5263 | D:7      | Reached XP level 9. HP: 21/63 MP: 12/12
  6060 | D:8      | Noticed a seven-headed hydra
  6216 | D:8      | Found a snail-covered altar of Cheibriados.
  6250 | D:8      | Noticed a hornet
  6264 | D:8      | Killed a hornet
  6294 | D:8      | HP: 2/64 [centaur/+0 spear of piercing (3)]
  6294 | D:8      | Slain by a centaur

Levels and vault maps discovered:
D:1:      ncdulo_smallfort, layout_rooms, hex_intersection, serial_bayou_pond_c
D:2:      layout_rooms, marbit_many_paths, uniq_jessica
D:3:      layout_basic, first_ration, due_unseen_surprise
D:4:      layout_cave_pools, lemuel_doored_altar, minmay_temple_entry_mist,
          lexackson_kobold_supper
D:5:      layout_gridville, old_standard_altar, uniq_ijyb
D:6:      kennysheep_slugbush, layout_cave_pools, kennysheep_mini,
          lemuel_coloured_pillars_altar, serial_shops, nicolae_shop_waterfront,
          uniq_sigmund, uniq_menkaure
D:7:      layout_layer_cave, old_standard_altar
D:8:      layout_loops_ring, nicolae_overflow_crystal_walls, the_bakery,
          minmay_alternating_orb

Skill      XL: |  1  2  3  4  5  6  7  8  9 |
---------------+----------------------------+-----
Armour         | 1 2 3 4 |  4.6
Short Blades   | 2 3 4 5 |  5.6
Dodging        | 3 4 |  4.9
Stealth        | 2 3 4 |  4.9
Fighting       | 2 3 |  3.4
Throwing       | 1 2 |  2.1
Evocations     | 4 |  4.1

Action                   |  1- 3 |  4- 6 |  7- 9 || total
-------------------------+-------+-------+-------++-------
Melee: Short sword       |    31 |       |       ||    31
       Dagger            |    48 |   174 |   208 ||   430
Throw: Dart              |       |     6 |    15 ||    21
Evoke: Wand              |       |       |     8 ||     8
  Use: Scroll            |       |     1 |     2 ||     3
       Potion            |       |       |     5 ||     5
 Stab: Sleeping          |     1 |     8 |     4 ||    13
       Distracted        |       |     1 |     1 ||     2
  Eat: Chunk             |       |     7 |     9 ||    16
Armor: Leather armour    |    29 |    39 |    33 ||   101
Dodge: Dodged            |    57 |    73 |   126 ||   256
